 Dungeon Crawl Stone Soup version 0.18-a0-1805-g8ab820f (webtiles) character file.

130 warlockg3 the Chiller (level 4, 0/34 HPs)
             Began as a Draconian Ice Elementalist on Apr 26, 2016.
             Slain by a gnoll
             ... wielding a +0 spear of piercing
              (4 damage)
             ... on level 3 of the Dungeon.
             The game lasted 00:07:25 (2519 turns).

warlockg3 the Chiller (Draconian Ice Elementalist)  Turns: 2519, Time: 00:07:26

Health: 0/34       AC: 11    Str: 11    XL:     4   Next: 90%
Magic:  0/7        EV: 13    Int: 16    God:
Gold:   136        SH:  0    Dex: 11    Spells: 3 memorised, 2 levels left

rFire  . . .     SeeInvis .     u - +0 glaive
rCold  . . .     Gourm    .     (armour unavailable)
rNeg   . . .     Faith    .     (shield currently unavailable)
rPois  .         Spirit   .     (helmet restricted)
rElec  .         Dismiss  .     g - +0 cloak
rCorr  .         Reflect  .     (no gloves)
SustAt .         Harm     .     (no boots)
MR     .....                    (no amulet)
Stlth  ++........               (no ring)
                                (no ring)

@: exhausted, icy armour, slowed, very slow, not resistant to hostile
enchantments, unstealthy
A: unfitting armour, cold-blooded, AC +5
a: no special abilities


You were on level 3 of the Dungeon.
You were not hungry.

You visited 1 branch of the dungeon, and saw 3 of its levels.

You collected 136 gold pieces.

Inventory:

Hand Weapons
 u - a +0 glaive (weapon)
Armour
 g - a +0 cloak (worn)
Jewellery
 v - an uncursed ring of flight {unknown}
Wands
 s - a wand of iceblast (6/15)
Scrolls
 c - a scroll of fog {unknown}
 d - 4 scrolls of remove curse {unknown}
 e - a scroll of immolation {unknown}
 i - 4 scrolls of identify {unknown}
 j - a scroll of recharging {unknown}
 k - a scroll of noise {unknown}
 t - 2 scrolls of random uselessness {unknown}
Potions
 m - 2 potions of might {unknown}
 n - a potion of agility {unknown}
 o - a potion of degeneration {unknown}
 p - a potion of mutation {unknown}
 w - a potion of heal wounds {unknown}
Books
 a - a book of Frost

   Spells                             Type                      Level
   a - Freeze                         Ice                          1
   b - Throw Frost                    Conjuration/Ice              2
   c - Ozocubu's Armour               Charms/Ice                   3
   d - Throw Icicle                   Conjuration/Ice              4
   e - Summon Ice Beast               Ice/Summoning                4
Comestibles
 b - 2 bread rations
 f - a slice of pizza
 q - 5 fruits
 r - a beef jerky


   Skills:
 + Level 0.9 Fighting
 * Level 1.1 Polearms
 + Level 3.1 Dodging
 + Level 2.1 Stealth
 - Level 0.8 Unarmed Combat
 + Level 2.5 Spellcasting
 + Level 1.0 Conjurations
 + Level 3.6 Ice Magic


You had 2 spell levels left.
You knew the following spells:

 Your Spells              Type           Power        Failure   Level  Hunger
a - Freeze                Ice            ##..         6%          1    #......
b - Throw Frost           Conj/Ice       #.....       14%         2    ##.....
c - Ozocubu's Armour      Chrm/Ice       #.......     34%         3    ###....


Dungeon Overview and Level Annotations

Branches:
Dungeon (3/15)

Altars:


Innate Abilities, Weirdness & Mutations

Your plain brown scales are hard (AC +5).
Your body does not fit into most forms of armour.
You are cold-blooded and may be slowed by cold attacks.


Message History

* * * LOW HITPOINT WARNING * * *
The gnoll closely misses you. The gnoll barely misses you.
The gnoll hits you with a spear of piercing.
* * * LOW HITPOINT WARNING * * *
x2 The gnoll hits you with a spear.
* * * LOW HITPOINT WARNING * * *
The gnoll hits you but does no damage.
You see here a flail.
Drink which item? (? for menu, Esc to quit)
Okay, then.
Casting: Ozocubu's Armour
Confirm with . or Enter, or press ? or * to list all spells.
Aiming: Throw Frost
Press: ? - help, Shift-Dir - straight line, f/p - gnoll
Aim: a gnoll, wielding a spear (heavily wounded)
The puff of frost hits the gnoll.
You kill the gnoll!
The gnoll hits you with a spear of piercing.
You die...

.... ##.
#..> ...S
#..##...
#..#..#
##....# #
#.....#
#.##..#
#..)g## +#
####@# .+
#.## #.# .
#..###.#
##..
##.....# ...
##...###.#
###.....#
##..###
####.#######
#.....#....#


You could see a gnoll.

Vanquished Creatures
  6 adders
  2 gnolls (D:3)
  An ooze (D:2)
  A dart slug (D:2)
  A giant gecko (D:2)
  2 orcs (D:3)
  4 giant cockroaches
  8 goblins
  7 hobgoblins
  4 kobolds (D:2)
  A quokka (D:2)
  7 bats
  5 rats
49 creatures vanquished.

Notes
Turn   | Place    | Note
--------------------------------------------------------------
     0 | D:1      | warlockg3 the Draconian Ice Elementalist began the quest for the Orb.
     0 | D:1      | Reached XP level 1. HP: 14/14 MP: 3/3
   529 | D:1      | Reached XP level 2. HP: 17/20 MP: 3/5
   967 | D:2      | Reached XP level 3. HP: 17/27 MP: 2/6
  1302 | D:2      | Learned a level 2 spell: Throw Frost
  1306 | D:2      | Learned a level 3 spell: Ozocubu's Armour
  2036 | D:3      | Reached XP level 4. HP: 23/34 MP: 7/7
  2515 | D:3      | Reached skill level 1 in Polearms
  2519 | D:3      | Slain by a gnoll

Vault maps used:
D:1:      dpeg_arrival_rooms_c, minmay_misc_feat_alley
D:2:      minmay_quantized
D:3:      overflow_temple_1_default, first_bread, nemelex_dance_club_becter

Skill      XL: |  1  2  3  4 |
---------------+-------------+-----
Dodging        | 2 3 |  3.1
Stealth        | 2 |  2.1
Polearms       | 1 |  1.1
Fighting       | |  0.9
Unarmed Combat | |  0.8
Spellcasting   | |  2.5
Conjurations   | |  1.0
Ice Magic      | |  3.6

Action                   |  1- 3 |  4- 6 || total
-------------------------+-------+-------++-------
Melee: Unarmed           |   152 |       ||   152
       Tailslap          |    17 |     3 ||    20
       Glaive            |    15 |    53 ||    68
 Cast: Freeze            |    25 |       ||    25
       Throw Frost       |     9 |     4 ||    13
       Ozocubu's Armour  |       |     3 ||     3
  Use: Potion            |       |     2 ||     2
 Stab: Sleeping          |     2 |       ||     2
       Distracted        |       |     1 ||     1
  Eat: Chunk             |     4 |       ||     4
       Bread ration      |     1 |       ||     1
Armor: Skin              |    72 |    45 ||   117
Dodge: Dodged            |   162 |    87 ||   249
